 Dungeon Crawl Stone Soup version 0.24.0-123-gd5b16e6ec5 (webtiles) character file.

Game seed: 18268750324343143164, levelgen mode: deterministic

2507 FishyPogo the Skirmisher (level 9, -9/74 HPs)
             Began as a Demonspawn Gladiator on Jan 12, 2020.
             Was a Follower of Makhleb.
             Mangled by a two-headed ogre
             ... wielding a +0 giant spiked club
              (19 damage)
             ... on level 8 of the Dungeon.
             The game lasted 00:19:21 (5786 turns).

FishyPogo the Skirmisher (Demonspawn Gladiator)     Turns: 5786, Time: 00:19:23

Health: -9/74      AC: 11    Str: 17    XL:     9   Next: 28%
Magic:  9/9        EV: 12    Int: 10    God:    Makhleb [*.....]
Gold:   249        SH:  0    Dex: 15    Spells: 8/8 levels left

rFire    + . .     SeeInvis .   a - +4 short sword
rCold    . . .     Gourm    .   (no shield)
rNeg     + . .     Faith    .   w - +1 ring mail (curse)
rPois    .         Spirit   .   r - +2 hat
rElec    .         Reflect  .   (no cloak)
rCorr    .         Harm     .   (no gloves)
MR       .....                  (no boots)
Stlth    ..........             (no amulet)
HPRegen  0.22/turn              c - ring of positive energy
MPRegen  0.11/turn              y - ring of attention (curse)

@: no status effects
A: claws 2, thin metallic scales 1, fire resistance 1, spiny 2
a: Renounce Religion


You were on level 8 of the Dungeon.
You worshipped Makhleb.
Makhleb was aware of your devotion.
You were hungry.

You visited 2 branches of the dungeon, and saw 9 of its levels.

You collected 249 gold pieces.

Inventory:

Hand Weapons
 a - a +4 short sword (weapon)
 b - a +2 dagger of draining
 t - a +1 antimagic war axe
Missiles
 d - 2 throwing nets
 e - 260 stones
 n - 2 javelins
 u - 5 boomerangs (quivered)
 A - 45 poisoned darts
Armour
 r - a +2 hat (worn)
 w - a cursed +1 ring mail (worn)
 E - the +7 chain mail of Sorcery {rC- rN++ Regen+, unknown}
   (You found it on level 7 of the Dungeon)

   It makes you vulnerable to cold.
   It greatly protects you from negative energy.
   It increases your rate of regeneration.
Jewellery
 c - a ring of positive energy (left claw)
 v - an uncursed ring of poison resistance
 y - a cursed ring of attention (right claw)
 B - a +5 ring of intelligence {unknown}
Wands
 G - a wand of flame (13)
Scrolls
 g - 11 scrolls of identify {unknown}
 i - 2 scrolls of remove curse {unknown}
 o - a scroll of teleportation
 p - a scroll of magic mapping
 D - a scroll of amnesia {unknown}
 H - a scroll of fear {unknown}
Potions
 h - a potion of brilliance
 j - a potion of curing
 k - 2 potions of resistance {unknown}
 l - 2 potions of agility {unknown}
 m - 4 potions of flight {unknown}
 q - a potion of cancellation {unknown}
 s - a potion of magic {unknown}
 x - a potion of invisibility {unknown}
 z - a potion of haste {unknown}
 C - a potion of might {unknown}
 F - 2 potions of degeneration {unknown}
Comestibles
 f - 12 rations


   Skills:
 * Level 7.9 Fighting
 + Level 4.3 Short Blades
 + Level 5.0 Throwing
 * Level 6.8 Armour
 - Level 3.0 Dodging


You had 8 spell levels left.
You didn't know any spells.
Your spell library contained the following spells:

 Spells                   Type           Power        Failure   Level  Hunger
 Corona                   Hex            #......      54%         1    ##.....
 Ensorcelled Hibernation  Hex/Ice        #.....       67%         2    ###....
 Confuse                  Hex            #.......     88%         3    ####...
 Dazzling Spray           Conj/Hex       #.....       88%         3    ####...
 Tukima's Dance           Hex            #.......     88%         3    ####...


Dungeon Overview and Level Annotations

Branches:
Dungeon (8/15)             Temple (1/1) D:4
   Lair: D:8-11

Altars:
Dithmenos
Elyvilon
Gozag
Hepliaklqana
Kikubaaqudgha
Makhleb
Nemelex Xobeh
Qazlal
Ru
Sif Muna
Vehumet
Wu Jian
Yredelemnul
The Shining One

Annotations:
D:3 2 transporters, ciphuk's ghost, weakling TrMo


Innate Abilities, Weirdness & Mutations

You have very sharp fingernails.
You are partially covered in thin metallic scales. (AC +2)
Your flesh is heat resistant. (rF+)
You are mostly covered in sharp spines.


Message History

The two-headed ogre hits you with a +0 giant club.
You closely miss the two-headed ogre.
The two-headed ogre is severely wounded.
You hit the two-headed ogre.
The two-headed ogre is severely wounded.
The two-headed ogre hits you with a +0 giant spiked club!
The two-headed ogre hits you with a +0 giant club!
You hit the two-headed ogre.
The two-headed ogre is severely wounded.
The two-headed ogre barely misses you.
The two-headed ogre hits you with a +0 giant club.
You hit the two-headed ogre.
The two-headed ogre is severely wounded.
You completely miss the two-headed ogre.
The two-headed ogre is severely wounded.
The two-headed ogre is struck by your spines.
The two-headed ogre hits you with a +0 giant spiked club!!
* * * LOW HITPOINT WARNING * * *
The two-headed ogre hits you with a +0 giant club!!
You die...

..............
#..................>
#...................
#...................
#...................
#...................
#...................
#...O........<......
##@################
#..................
#..................
#..................
#.....###....##.##.
#.....#########.##+
#..................
#..................
#................[.


You could see a two-headed ogre.

Vanquished Creatures
  Joseph (D:7)
  An ice beast (D:6)
  3 sky beasts (D:5)
  An orc warrior (D:6)
  A phantom (D:7)
  3 ogres
  A necrophage (D:5)
  2 centaurs
  2 bullfrogs (D:7)
  A scorpion (D:6)
  2 bullfrog zombies
  3 crimson imps
  A quasit (D:7)
  2 jellies
  4 orc priests
  2 bullfrog skeletons
  5 worker ants
  4 orc wizards
  A hound skeleton (D:5)
  A worker ant zombie (D:6)
  9 adders
  3 shadow imps
  An ooze (D:1)
  4 worms
  4 dart slugs
  2 leopard geckos
  35 orcs
  8 bats
  4 giant cockroaches
  8 goblins
  3 hobgoblins
  14 jackals
  8 quokkas
  A ball python (D:2)
  2 frilled lizards (D:1)
  3 kobolds
  8 rats
158 creatures vanquished.

Notes
Turn   | Place    | Note
-------+----------+-------------------------------------------
     0 | D:1      | FishyPogo the Demonspawn Gladiator began the quest for the
                  | Orb.
     0 | D:1      | Reached XP level 1. HP: 16/16 MP: 1/1
   109 | D:1      | Gained mutation: You have sharp fingernails. [demonic
                  | ancestry]
   109 | D:1      | Reached XP level 2. HP: 21/22 MP: 2/2
   641 | D:2      | Reached skill level 1 in Armour
   717 | D:2      | Gained mutation: You are partially covered in thin metallic
                  | scales. (AC +2) [demonic ancestry]
   717 | D:2      | Reached XP level 3. HP: 20/28 MP: 3/3
   727 | D:2      | Found a shadowy altar of Dithmenos.
  1252 | D:2      | Gained mutation: You are partially covered in sharp spines.
                  | [demonic ancestry]
  1252 | D:2      | Reached XP level 4. HP: 32/34 MP: 4/4
  1269 | D:2      | Reached skill level 3 in Fighting
  1454 | D:2      | Found a sparkling altar of Nemelex Xobeh.
  1643 | D:3      | Found a white marble altar of Elyvilon.
  1749 | D:3      | Found a transporter.
  1751 | D:3      | Found a transporter.
  1751 | D:3      | Noticed ciphuk's ghost (weakling TrMo)
  1751 | D:3      | Noticed an ogre
  1752 | D:3      | Identified the cursed +3 dire flail "Fuinta" {crush, rElec
                  | rC+ Dex+4 SInv}
  1752 | D:3      | Noticed an ogre
  2012 | D:3      | Gained mutation: You are mostly covered in sharp spines.
                  | [demonic ancestry]
  2012 | D:3      | Reached XP level 5. HP: 39/41 MP: 5/5
  2387 | D:4      | Found a staircase to the Ecumenical Temple.
  2403 | Temple   | Entered the Ecumenical Temple
  2409 | Temple   | Became a worshipper of Makhleb the Destroyer
  2421 | D:4      | Noticed an ogre
  2469 | D:3      | Reached skill level 4 in Fighting
  2576 | D:4      | Gained mutation: You have very sharp fingernails. [demonic
                  | ancestry]
  2576 | D:4      | Reached XP level 6. HP: 34/48 MP: 6/6
  3047 | D:5      | Entered Level 5 of the Dungeon
  3140 | D:5      | Reached XP level 7. HP: 53/55 MP: 7/7
  3180 | D:5      | Reached skill level 5 in Fighting
  3276 | D:5      | Reached XP level 8. HP: 19/63 MP: 8/8
  3507 | D:5      | Reached skill level 6 in Fighting
  3522 | D:5      | Reached skill level 5 in Armour
  3534 | D:5      | Reached * piety under Makhleb
  4419 | D:6      | Found a sacrificial altar of Ru.
  4543 | D:6      | Found a stormy altar of Qazlal.
  4601 | D:6      | Reached skill level 7 in Fighting
  4969 | D:7      | Gained mutation: Your flesh is heat resistant. (rF+)
                  | [demonic ancestry]
  4969 | D:7      | Reached XP level 9. HP: 62/71 MP: 9/9
  4982 | D:7      | Got a faintly humming chain mail
  5187 | D:7      | Noticed Joseph
  5215 | D:7      | Killed Joseph
  5233 | D:7      | Reached skill level 5 in Throwing
  5744 | D:8      | Found a hazy altar of Hepliaklqana.
  5775 | D:8      | Noticed a two-headed ogre
  5786 | D:8      | Mangled by a two-headed ogre

Levels and vault maps discovered:
D:1:      dpeg_arrival_snail, layout_loops_ring
D:2:      layout_loops_ring, lemuel_coloured_pillars_altar,
          nicolae_dithmenos_shadow_blocks
D:3:      layout_basic, elyvilon_altar_1, gammafunk_ghost_smash
D:4:      layout_basic, minmay_temple_entry_large_hall, first_ration,
          minivault_19, minmay_door_square
D:5:      layout_cave_pods
D:6:      minmay_evil_eye, layout_loops_ring, grunt_qazlal_clouds,
          lemuel_doored_altar
D:7:      layout_cave_pods, chequers_garden, uniq_joseph
D:8:      layout_gridville, dancing_weapons_uskayaw,
          nicolae_overflow_crystal_walls, lemuel_round_altar,
          grunt_lair_entry_orc_guard_hut, david_nohive_1
Temple:   eino_narrow_crystal_temple

Skill      XL: |  1  2  3  4  5  6  7  8  9 |
---------------+----------------------------+-----
Armour         | 1 2 3 4 6 |  6.8
Throwing       | 2 3 4 5 |  5.0
Short Blades   | 3 4 |  4.3
Dodging        | 3 |  3.0
Fighting       | 3 4 5 7 |  7.9

Action                   |  1- 3 |  4- 6 |  7- 9 || total
-------------------------+-------+-------+-------++-------
Melee: Rapier            |   123 |    26 |       ||   149
       Dagger            |       |    17 |       ||    17
       Short sword       |       |   104 |   197 ||   301
       War axe           |       |       |    10 ||    10
Throw: Stone             |    31 |    27 |     1 ||    59
       Throwing net      |       |     1 |       ||     1
       Boomerang         |       |       |     9 ||     9
  Use: Potion            |       |     2 |     1 ||     3
       Scroll            |       |       |     3 ||     3
 Stab: Sleeping          |     2 |       |       ||     2
  Eat: Chunk             |       |     7 |     8 ||    15
Armor: Leather armour    |    41 |    29 |       ||    70
       Ring mail         |       |     2 |    48 ||    50
Dodge: Dodged            |    88 |    67 |    92 ||   247
